 Dungeon Sprint DCSS version 0.30-a0-122-g2a1322497e (webtiles) character file.

Game seed: 8778062357481660585

4 dduke234 the Trooper (level 5, -1/47 HPs)
             Began as a Demonspawn Monk on Sept 15, 2022.
             Slain by a redback (4 damage)
             ... in the Dungeon (Sprint VI: "Thunderdome").
             The game lasted 00:02:44 (257 turns).

dduke234 the Trooper (Demonspawn Monk)               Turns: 257, Time: 00:02:45

Health: -1/47      AC:  2    Str: 23    XL:     5   Next: 32%
Magic:  5/5        EV: 14    Int: 12    God:
Gold:   30         SH:  0    Dex: 15    Spells: 4/4 levels left

rFire   + . .      SeeInvis +    a - +0 mace
rCold   + . .      Faith    .    (no shield)
rNeg    + . .      Spirit   .    b - +0 robe
rPois   .          Reflect  .    (no helmet)
rElec   .          Harm     +    (no cloak)
rCorr   .          Rampage  .    (no gloves)
Will    ++...      NoTele   +    (no boots)
Stlth   ++++......               n - amulet of the Morning {RegenMP Harm *Slow Str+4 Stlth+}
HPRegen 1.15/turn                o - ring "Jicaybboics" {rF+ rC+ rN+ Int-2 SInv}
MPRegen 0.49/turn                p - ring "Xeosythre" {Will++ Str+6 Int+2}

@: lethally poisoned (-1 -> -16)
A: hooves 1, powered by death 2, demonic touch 1
a: no special abilities


You were in the Dungeon.
You visited 1 branch You collected 210 gold pieces.
You spent 180 gold pieces at shops.

Inventory:

Hand Weapons
 a - a +0 mace (weapon)
Armour
 b - a +0 robe (worn)
Jewellery
 n - the amulet of the Morning (around neck) {RegenMP Harm *Slow Str+4 Stlth+}
   (You bought it in a shop in the Dungeon)

   [amulet of magic regeneration]

   It increases your rate of magic regeneration.
   Str:       It affects your strength (+4).
   *Slow:     It may slow you when you take damage.
   Harm:      It increases damage dealt and taken.
   Stlth:     It makes you more stealthy.
 o - the ring "Jicaybboics" (left hand) {rF+ rC+ rN+ Int-2 SInv}
   (You bought it in a shop in the Dungeon)

   [ring of protection from fire]

   Int:       It affects your intelligence (-2).
   rF:        It protects you from fire.
   rC:        It protects you from cold.
   rN:        It protects you from negative energy.
   SInv:      It lets you see invisible.
 p - the ring "Xeosythre" (right hand) {Will++ Str+6 Int+2}
   (You bought it in a shop in the Dungeon)

   [ring of strength]

   Str:       It affects your strength (+6).
   Int:       It affects your intelligence (+2).
   Will:      It greatly increases your willpower.
 q - the ring of Sif Muna, Rescuing {rN+++ Will+ Int+4 Dex-3}
   (You bought it in a shop in the Dungeon)

   [ring of willpower]

   Int:       It affects your intelligence (+4).
   Dex:       It affects your dexterity (-3).
   rN:        It renders you almost immune to negative energy.
   Will:      It increases your willpower.
Wands
 k - a wand of quicksilver (5)
 l - a wand of roots (5)
Scrolls
 i - 4 scrolls of blinking
 m - 3 scrolls of fog
Potions
 c - a potion of ambrosia
 e - 3 potions of heal wounds
 f - 4 potions of haste
 g - 2 potions of magic
 j - a potion of resistance


   Skills:
 * Level 6.4 Fighting
 * Level 6.3 Maces & Flails
 * Level 5.9 Dodging
 * Level 4.0 Stealth


You had 4 spell levels left.
You didn't know any spells.
Your spell library was empty.

Dungeon Overview and Level Annotations

Branches:
Dungeon (1/1)

Altars:
Cheibriados
Dithmenos
Fedhas
Gozag
Kikubaaqudgha
Makhleb
Okawaru
Qazlal
Ru
Sif Muna
Trog
Uskayaw
Vehumet
Wu Jian
Xom
Yredelemnul
Lugonu

Shops:
D *[??*?*:[((!!!!


Innate Abilities, Weirdness & Mutations

You have large cloven feet.
You regenerate health from kills.
Your touch may inflict minor irresistible damage on your foes.


Message History

A scorpion comes into view.
A redback comes into view.
The scorpion closely misses you.
You barely miss the scorpion.
You kick the scorpion, but do no damage.
The scorpion stings you.
You are poisoned.
The scorpion poisons you! The scorpion closely misses you.
You hit the scorpion but do no damage. You kick the scorpion.
You touch the scorpion!
The scorpion is heavily wounded.
You feel very sick.
A scorpion comes into view.
The scorpion stings you.
* * * LOW HITPOINT WARNING * * *
You are lethally poisoned!
The scorpion poisons you!
You feel better. The scorpion stings you.
* * * LOW HITPOINT WARNING * * *
You sock the scorpion! Your kick misses the scorpion.
The scorpion is almost dead.
The scorpion closely misses you.
You feel much better. The redback closely misses you.
The scorpion stings you but does no damage.
The redback bites you!
You are lethally poisoned!
The redback poisons you! The scorpion barely misses you.
You hit the scorpion but do no damage.
The scorpion is almost dead.
You feel extremely sick. The redback closely misses you.
The scorpion barely misses you.
You barely miss the scorpion. You kick the scorpion.
You kill the scorpion!
* * * LOW HITPOINT WARNING * * *
You feel extremely sick. The redback bites you.
* * * LOW HITPOINT WARNING * * *
A water moccasin comes into view.
The redback bites you.
You die...

#⌠...........⌠#
#####.8........S8.######
.___......###......___∩##
........8.# #.8........∩###
..........###.............##
.......###...###..........⌠#
.....†.# #.<.# #..........⌠#
.......###...###s.........⌠#
..........###..†@.........##
........8.# #.8.s......∩###
∩___......###.......__∩##
#####.8.........8.######
#⌠...........⌠#
###.........### #_......._#
#_†.......# #_......._#


You could see a water moccasin (wandering), a redback and a scorpion.

Vanquished Creatures
  A water moccasin (D)
  2 scorpions (D)
  An adder (D)
  A ball python (D)
5 creatures vanquished.

Notes
Turn   | Place    | Note
-------+----------+-------------------------------------------
     0 | D        | dduke234 the Demonspawn Monk began the quest for the Orb.
     0 | D        | Reached XP level 1. HP: 18/18 MP: 1/1
     1 | D        | Found a hide-covered altar of Uskayaw.
     2 | D        | Found a shadowy altar of Dithmenos.
     3 | D        | Found a burning altar of Makhleb.
     4 | D        | Found a corrupted altar of Lugonu.
     4 | D        | Found Zuskeyx's Staff Store.
     4 | D        | Found Jupn's Magic Scroll Shop.
     5 | D        | Found Anio's Must-Have Magic.
     5 | D        | Found Parrull's Magic Scroll Shop.
     5 | D        | Round 1.
     8 | D        | Found an opulent altar of Gozag.
     9 | D        | Found an ornate altar of the Wu Jian Council.
    10 | D        | Found a bloodstained altar of Trog.
    13 | D        | Found a blossoming altar of Fedhas.
    13 | D        | Found a sacrificial altar of Ru.
    13 | D        | Found an ancient bone altar of Kikubaaqudgha.
    13 | D        | Found Adyzu's Identification Station.
    15 | D        | Found Vyengief's Jewellery.
    15 | D        | Found Syuzes's Advanced Armour.
    19 | D        | Found a shimmering blue altar of Sif Muna.
    46 | D        | Bought a brightly glowing jade amulet for 45 gold pieces
    46 | D        | Identified the amulet of the Morning {RegenMP Harm *Slow
                  | Str+4 Stlth+} (You bought it in a shop in the Dungeon)
    46 | D        | Bought a heavily runed granite ring for 45 gold pieces
    46 | D        | Identified the ring "Jicaybboics" {rF+ rC+ rN+ Int-2 SInv}
                  | (You bought it in a shop in the Dungeon)
    46 | D        | Bought a faintly glowing turquoise ring for 45 gold pieces
    46 | D        | Identified the ring "Xeosythre" {Will++ Str+6 Int+2} (You
                  | bought it in a shop in the Dungeon)
    46 | D        | Bought a heavily runed lead ring for 45 gold pieces
    46 | D        | Identified the ring of Sif Muna, Rescuing {rN+++ Will+
                  | Int+4 Dex-3} (You bought it in a shop in the Dungeon)
    68 | D        | Found a basalt altar of Yredelemnul.
    71 | D        | Found a snail-covered altar of Cheibriados.
    71 | D        | Found Maysmud's Premium Goods.
    71 | D        | Found Voituf's Miscellaneous Merchandise.
    72 | D        | Found Ylatad's Basic Armour.
    73 | D        | Found a radiant altar of Vehumet.
    73 | D        | Found an iron altar of Okawaru.
    73 | D        | Found Useipn's Weapon Rack.
    79 | D        | Gained mutation: You regenerate a little health from kills.
                  | [demonic ancestry]
    79 | D        | Reached XP level 2. HP: 23/25 MP: 2/2
    96 | D        | Noticed a water moccasin
    97 | D        | Found a shimmering altar of Xom.
    98 | D        | Found Nemucel's Do-It-Yourself Clinic.
   100 | D        | Found a stormy altar of Qazlal.
   100 | D        | Found Aschetzesm's Distillery.
   102 | D        | Found Jocwaphaiss's Bottled Wisdom.
   102 | D        | Found Guergh's Distillery.
   109 | D        | Killed a water moccasin
   110 | D        | Reached skill level 5 in Fighting
   110 | D        | Reached skill level 5 in Maces & Flails
   110 | D        | Reached skill level 5 in Dodging
   110 | D        | Discovered your monstrous ancestry.
   110 | D        | Gained mutation: Your touch may inflict minor irresistible
                  | damage on your foes. [demonic ancestry]
   110 | D        | Reached XP level 3. HP: 29/34 MP: 3/3
   110 | D        | Gained mutation: You regenerate health from kills. [demonic
                  | ancestry]
   110 | D        | Reached XP level 4. HP: 35/40 MP: 4/4
   147 | D        | Noticed a water moccasin
   154 | D        | Arena points: 4 (+4) [x1]
   169 | D        | Round 2.
   208 | D        | Noticed a scorpion
   218 | D        | Killed a scorpion
   219 | D        | Gained mutation: You have large cloven feet. [demonic
                  | ancestry]
   219 | D        | Reached XP level 5. HP: 24/47 MP: 5/5
   249 | D        | Noticed a redback
   257 | D        | Noticed a water moccasin
   257 | D        | Slain by a redback

Illustrated notes

Levels and vault maps discovered:
D:        arena_sprint

Skill      XL: |  1  2  3  4 |
---------------+-------------+-----
Maces & Flails | 3 5 6 |  6.3
Dodging        | 3 5 |  5.9
Stealth        | 2 3 4 |  4.0
Fighting       | 5 6 |  6.4

Action                   |  1- 3 |  4- 6 || total
-------------------------+-------+-------++-------
Melee: Mace              |    10 |    15 ||    25
       Touch             |       |     2 ||     2
       Kick              |       |     3 ||     3
  Use: Potion            |     1 |     2 ||     3
Armor: Robe              |     2 |     2 ||     4
Dodge: Dodged            |     7 |    15 ||    22

Table legend: (Time is in decaauts)
 A = Elapsed time spent in this place.
 B = Non-inter-level travel time spent in this place.
 C = Inter-level travel time spent in this place.
 D = Time resting spent in this place.
 E = Time spent auto-exploring this place.
 F = Levels seen in this place.
 G = Mean time per level.
                   A        B        C        D        E       F      G
               +--------+--------+--------+--------+--------+-----+--------+
         Total |    265 |    265 |      0 |      0 |     92 |   1 |  265.0 |
       Dungeon |    265 |    265 |      0 |      0 |     92 |   1 |  265.0 |
               +--------+--------+--------+--------+--------+-----+--------+

Top non-repeatable levels by time:
       D: 265 daAuts
